 Dungeon Crawl Stone Soup version 0.30-a0-737-gf23d94013f (webtiles) character file.

Game seed: 16665835787028895615

56 Alitron123 the Cudgeller (level 3, 0/36 HPs)
             Began as a Gargoyle Berserker on Feb 1, 2023.
             Was a Believer of Trog.
             Slain by an orc
             ... wielding a +0 club
              (3 damage)
             ... on level 2 of the Dungeon.
             The game lasted 00:01:45 (1160 turns).

Alitron123 the Cudgeller (Gargoyle Berserker)       Turns: 1160, Time: 00:01:45

Health: 0/36       AC:  5    Str: 22    XL:     3   Next: 97%
Magic:  3/3        EV: 12    Int:  7    God:    Trog [**....]
Gold:   38         SH:  0    Dex:  9    Spells: 2/2 levels left

rFire   . . .      SeeInvis .    a - +0 mace
rCold   . . .      Faith    .    (no shield)
rNeg    + . .      Spirit   .    b - +0 animal skin
rPois   ∞          Reflect  .    (no helmet)
rElec   +          Harm     .    (no cloak)
rCorr   .          Rampage  .    (no gloves)
Will    .....                    (no boots) Stlth
                                 (no amulet)
HPRegen 0.26/turn                (no ring)
MPRegen 0.08/turn                (no ring)

@: berserking (expiring), very quick
A: sickness immunity, AC +3, negative energy resistance 1, electricity
resistance, torment resistance 1, petrification resistance
a: Renounce Religion, Berserk, Trog's Hand


You were on level 2 of the Dungeon.
You worshipped Trog.
Trog was pleased with you.
You visited 1 branch of the dungeon, and saw 2 of its levels.

You collected 38 gold pieces.

Inventory:

Hand Weapons
 a - a +0 mace (weapon)
Armour
 b - a +0 animal skin (worn)
Scrolls
 e - a scroll of vulnerability {unknown}
 f - a scroll of enchant weapon {unknown}
 g - a scroll of blinking {unknown}
 h - a scroll of identify {unknown}
 i - a scroll of enchant armour {unknown}
Potions
 c - 2 potions of flight {unknown}
 d - a potion of lignification {unknown}
 j - a potion of might {unknown}


   Skills:
 + Level 3.8 Fighting
 + Level 4.0 Maces & Flails
 + Level 2.3 Armour
 + Level 1.9 Dodging


You had 2 spell levels left.
You didn't know any spells.
Your spell library was empty.

Dungeon Overview and Level Annotations

Branches:
Dungeon (2/15)

Altars:
Uskayaw

Shops:
D:2 (


Innate Abilities, Weirdness & Mutations

You are immune to sickness and miasma.
Your stone body is resilient. (AC +3)
You are immune to poison.
You resist negative energy. (rN+)
You are resistant to electric shocks. (rElec)
You are resistant to unholy torment.
You are immune to petrification.


Message History

Deactivating autopickup; reactivate with Ctrl-A.
A red film seems to cover your vision as you go berserk!
You feel yourself moving faster!
You feel mighty!
You closely miss the orc wizard. You sock the orc wizard!
The orc wizard is almost dead.
The orc wizard gestures at you while chanting.
The puff of flame hits you.
You closely miss the orc wizard.
The orc wizard is almost dead.
You hit the orc.
The orc is severely wounded.
The orc wizard points at you and mumbles some strange words.
The puff of flame hits you! The orc closely misses you.
You closely miss the orc.
The orc is severely wounded.
The orc wizard hits you with a +0 dagger.
The orc hits you but does no damage.
The orc wizard hits you but does no damage.
You miss something. You hit something. Something hits you.
The orc wizard hits you with a +0 dagger.
The orc hits you but does no damage.
You barely miss something.
The orc wizard hits you with a +0 dagger.
Something hits you but does no damage. The orc hits you with a +0 club.
You barely miss something. The orc wizard casts a spell at you.
The magic dart hits you.
* * * LOW HITPOINT WARNING * * *
Something hits you but does no damage. The orc hits you with a +0 club.
* * * LOW HITPOINT WARNING * * *
You closely miss something.
The orc wizard gestures at you while chanting.
The magic dart hits you.
* * * LOW HITPOINT WARNING * * *
You hear some strange, mumbled words.
Something tries to affect you, but you resist.
The orc hits you with a +0 club.
You die...

#.#....oo#..
#.#......#.
#.#....... ##
#.#......# #.
#.# .....
#####. #.# .o.
#..(.. #.# #o#
#.###. #.# #{#
#.
#.####@#######
##
#....o.o......
.
######.#######
##
#..$..........
#.####........
.........
#....####
#....# .....#


You could see an orc wizard and 3 orcs.

Vanquished Creatures
  An adder (D:2)
  2 dart slugs
  4 ball pythons
  3 bats
  5 endoplasms
  2 giant cockroaches
  6 goblins
  2 hobgoblins (D:2)
  2 jackals (D:2)
  3 quokkas (D:1)
  3 frilled lizards (D:1)
  4 rats
37 creatures vanquished.

Notes
Turn   | Place    | Note
-------+----------+-------------------------------------------
     0 | D:1      | Alitron123 the Gargoyle Berserker began the quest for the
                  | Orb.
     0 | D:1      | Reached XP level 1. HP: 14/14 MP: 1/1
   293 | D:1      | Reached XP level 2. HP: 19/19 MP: 2/2
   642 | D:1      | Reached XP level 3. HP: 24/24 MP: 3/3
   695 | D:2      | Found a hide-covered altar of Uskayaw.
   932 | D:2      | Reached ** piety under Trog
  1085 | D:2      | Reached skill level 4 in Maces & Flails
  1103 | D:2      | Found Deaf's Weapon Shoppe.
  1160 | D:2      | Slain by an orc

Illustrated notes

Levels and vault maps discovered:
D:1:      eino_arrival_cavern_d, layout_loops_ring, hangedman_decor_growths
D:2:      layout_basic, basic_altar, serial_shops,
          nicolae_shop_bloodbath_and_beyond, minmay_misc_feat_four_crosses,
          uniq_jessica

Skill      XL: |  1  2  3 |
---------------+----------+-----
Maces & Flails | 4 |  4.0
Fighting       | |  3.8
Armour         | |  2.3
Dodging        | |  1.9

Action                     || total
---------------------------++-------
  Melee: Mace              ||   114
         Punch             ||     1
 Invoke: Berserk           ||     1
 Armour: Animal skin       ||    28
  Dodge: Dodged            ||    81

Table legend: (Time is in decaauts)
 A = Elapsed time spent in this place.
 B = Non-inter-level travel time spent in this place.
 C = Inter-level travel time spent in this place.
 D = Time resting spent in this place.
 E = Time spent auto-exploring this place.
 F = Levels seen in this place.
 G = Mean time per level.
                   A        B        C        D        E       F      G
               +--------+--------+--------+--------+--------+-----+--------+
         Total |   1181 |   1176 |      5 |      0 |    899 |   2 |  590.5 |
       Dungeon |   1181 |   1176 |      5 |      0 |    899 |   2 |  590.5 |
               +--------+--------+--------+--------+--------+-----+--------+

Top non-repeatable levels by time:
     D:1: 691 daAuts
     D:2: 490 daAuts
